 Dungeon Crawl Stone Soup version 0.30-a0-782-ge64f9170bb (webtiles) character file.

Game seed: 15394664399021736530

140 Barriton the Insei (level 5, -1/40 HPs)
             Began as a Draconian Transmuter on Mar 10, 2023.
             Slain by a gnoll
             ... wielding a +0 club
              (3 damage)
             ... on level 3 of the Dungeon.
             The game lasted 00:03:47 (2189 turns).

Barriton the Insei (Draconian Transmuter)           Turns: 2189, Time: 00:03:48

Health: -1/40      AC:  8    Str: 13    XL:     5   Next: 2%
Magic:  4/9        EV: 12    Int: 13    God:
Gold:   126        SH:  0    Dex: 13    Spells: 7/10 levels left

rFire   . . .      SeeInvis .      - Unarmed
rCold   . . .      Faith    .    (no shield)
rNeg    . . .      Spirit   .    (body armour unavailable)
rPois   .          Reflect  .    (helmet currently unavailable)
rElec   .          Harm     .    b - +2 cloak
rCorr   .          Rampage  .    (no gloves)
Will    .....                    (boots currently unavailable)
Stlth   +                        (no amulet)
HPRegen 0.26/turn                (no ring)
MPRegen 0.11/turn                (no ring)

@: appendages, wereblooded
A: horns 2, talons 2, AC +5, unfitting armour, cold-blooded
a: End Transformation


You were on level 3 of the Dungeon.
You had temporarily grown beastly horns and talons.
You visited 1 branch of the dungeon, and saw 3 of its levels.

You collected 126 gold pieces.

Inventory:

Armour
 b - a +2 cloak (worn)
 f - a +0 pair of boots (melded)
Scrolls
 d - a scroll of teleportation
 h - a scroll of brand weapon {unknown}
 i - a scroll of vulnerability {unknown}
 j - a scroll of immolation {unknown}
Potions
 a - a potion of lignification
 c - 5 potions of flight {unknown}
 e - 5 potions of curing {unknown}
 g - a potion of might {unknown}


   Skills:
 + Level 1.5 Fighting
 + Level 2.1 Dodging
 + Level 0.1 Stealth
 + Level 4.2 Unarmed Combat
 + Level 3.0 Spellcasting
 + Level 2.9 Transmutations


You had 7 spell levels left.
You knew the following spells:

 Your Spells              Type           Power      Damage    Failure   Level
a - Beastly Appendage     Tmut           18%        N/A       7%          1
b - Wereblood             Tmut           9%         N/A       11%         2

Your spell library contained the following spells:

 Spells                   Type           Power      Damage    Failure   Level
 Slow                     Hex            4%         N/A       22%         1
 Call Imp                 Summ           1%         N/A       34%         2
 Ensorcelled Hibernation  Hex/Ice        2%         N/A       34%         2
 Spider Form              Tmut/Pois      5%         N/A       36%         3
 Call Canine Familiar     Summ           1%         N/A       56%         3
 Ice Form                 Ice/Tmut       5%         N/A       77%         4
 Anguish                  Hex/Necr       0%         N/A       92%         4


Dungeon Overview and Level Annotations

Branches:
Dungeon (3/15)

Altars:
Sif Muna


Innate Abilities, Weirdness & Mutations

You have temporarily grown beastly horns and talons.
Your plain brown scales are hard. (AC +5)
You cannot fit into any form of body armour.
You are cold-blooded and may be slowed by cold attacks.


Message History

* * * LOW HITPOINT WARNING * * *
You hit the gnoll. Your kick misses the gnoll.
You tail-slap the gnoll, but do no damage.
The gnoll is almost dead.
Your horns disappear.
Your talons disappear.
Your +0 pair of boots unmelds from your body.
The gnoll hits you with a +0 whip.
* * * LOW HITPOINT WARNING * * *
You barely miss the gnoll.
The gnoll is almost dead.
The gnoll hits you but does no damage.
You completely miss the gnoll.
The gnoll is almost dead.
The gnoll closely misses you.
You closely miss the gnoll.
The gnoll is almost dead.
Your primal bloodlust is almost over.
You hit the gnoll.
You feel a bit better.
You kill the gnoll!
Your Spellcasting skill increases to level 3!
You have reached level 5!
Casting: Wereblood (safe; 11% risk of failure)
Confirm with . or Enter, or press ? or * to list all spells.
Your blood is freshly infused with primal strength!
The gnoll hits you with a +0 club.
* * * LOW HITPOINT WARNING * * *
Casting: Wereblood (safe; 11% risk of failure)
Confirm with . or Enter, or press ? or * to list all spells.
You grow a pair of large bovine horns.
Your feet morph into talons.
Your +0 pair of boots melds into your body.
The gnoll barely misses you.
You hit the gnoll but do no damage. You claw the gnoll.
Your headbutt misses the gnoll.
The gnoll is lightly wounded.
The gnoll hits you with a +0 club.
* * * LOW HITPOINT WARNING * * *
You barely miss the gnoll. You claw the gnoll.
The gnoll is moderately wounded.
The gnoll hits you with a +0 club.
You die...

##....#..#.#....#.[
#..##.#.#..#.......
#####...#.##.......
##..#.###......
#..#.......#..
#......#.##...
###...........##
########.....####.####
#....g@...........#
#.....##############
#####


You could see a gnoll.

Vanquished Creatures
  6 gnolls
  An adder (D:2)
  A worm (D:2)
  4 dart slugs (D:1)
  An orc (D:3)
  10 endoplasms
  A giant cockroach (D:3)
  7 goblins
  7 hobgoblins
  2 jackals (D:1)
  4 quokkas
  4 ball pythons (D:3)
  A bat (D:2)
  4 frilled lizards
  4 kobolds
  5 rats
62 creatures vanquished.

Notes
Turn   | Place    | Note
-------+----------+-------------------------------------------
     0 | D:1      | Barriton the Draconian Transmuter began the quest for the
                  | Orb.
     0 | D:1      | Reached XP level 1. HP: 16/16 MP: 3/3
   148 | D:1      | Reached XP level 2. HP: 17/23 MP: 3/5
   432 | D:1      | Reached XP level 3. HP: 28/28 MP: 4/6
   607 | D:1      | Got the Reference Book on the Comitatus
   611 | D:1      | Learned a level 2 spell: Wereblood
  1238 | D:2      | Found a faded altar of an unknown god.
  1248 | D:2      | Reached XP level 4. HP: 21/35 MP: 6/8
  1265 | D:2      | Got Plato's Compendium of Glamour
  1837 | D:3      | Found a shimmering blue altar of Sif Muna.
  1910 | D:3      | Reached skill level 4 in Unarmed Combat
  2186 | D:3      | Reached XP level 5. HP: 8/40 MP: 7/9
  2188 | D:3      | HP: 2/40 [gnoll/+0 club (4)]
  2189 | D:3      | Slain by a gnoll

Illustrated notes

Levels and vault maps discovered:
D:1:      scummos_arrival_forest, layout_loops_ring
D:2:      layout_loops_ring, shapermc_ecumenical_altar_rom_forum,
          grunt_ministairs_1
D:3:      layout_rooms, trog_hazing_becter, mainiacjoe_overflow_alcove_2

Skill      XL: |  1  2  3  4 |
---------------+-------------+-----
Dodging        | 2 |  2.1
Unarmed Combat | 4 |  4.2
Spellcasting   | 3 |  3.0
Fighting       | |  1.5
Stealth        | |  0.1
Transmutations | |  2.9

Action                     |  1- 3 |  4- 6 || total
---------------------------+-------+-------++-------
  Melee: Unarmed           |    95 |    72 ||   167
         Kick              |    15 |    14 ||    29
         Headbutt          |     6 |     6 ||    12
         Tailslap          |    11 |     8 ||    19
         Punch             |     5 |     1 ||     6
   Cast: Beastly Appendage |    25 |    16 ||    41
         Wereblood         |       |     3 ||     3
    Use: Scroll            |     3 |     1 ||     4
   Stab: Sleeping          |       |     1 ||     1
 Armour: Skin              |    17 |    22 ||    39
  Dodge: Dodged            |    49 |    37 ||    86

Table legend: (Time is in decaauts)
 A = Elapsed time spent in this place.
 B = Non-inter-level travel time spent in this place.
 C = Inter-level travel time spent in this place.
 D = Time resting spent in this place.
 E = Time spent auto-exploring this place.
 F = Levels seen in this place.
 G = Mean time per level.
                   A        B        C        D        E       F      G
               +--------+--------+--------+--------+--------+-----+--------+
         Total |   2181 |   2141 |     40 |      0 |   1712 |   3 |  727.0 |
       Dungeon |   2181 |   2141 |     40 |      0 |   1712 |   3 |  727.0 |
               +--------+--------+--------+--------+--------+-----+--------+

Top non-repeatable levels by time:
     D:2: 967 daAuts
     D:1: 831 daAuts
     D:3: 382 daAuts
